 Dungeon Crawl Stone Soup version 0.29.1-1-gd02db6906a (webtiles) character file.

Game seed: 10313460798994271766

29188 Ofeo the Envoy of Void (level 13, -3/110 HPs)
             Began as a Palentonga Abyssal Knight on Sept 17, 2022.
             Was a High Priest of Lugonu.
             Killed from afar by an oklob plant (18 damage)
             ... with a splash of acid
             ... on level 3 of the Lair of Beasts.
             The game lasted 00:40:24 (26350 turns).

Ofeo the Envoy of Void (Palentonga Abyssal Knight) Turns: 26350, Time: 00:40:25

Health: -3/110     AC: 20    Str: 23    XL:     13   Next: 13%
Magic:  23/23      EV:  7    Int: 20    God:    Lugonu [*****.]
Gold:   235        SH:  5    Dex: 11    Spells: 12/12 levels left

rFire   . . .      SeeInvis +   a - +7 war axe of Wu Jian's Castigation {freeze, Drain rC+ Stlth+}
rCold   + + .      Faith    .   (no shield)
rNeg    . . .      Spirit   .   I - +9 plate armour {ponderous}
rPois   .          Reflect  +   f - +1 hat {Int+3}
rElec   .          Harm     .   (no cloak)
rCorr   .          Rampage  .   M - +2 pair of gloves
Will    .....                   (no barding)
Stlth   ..........              c - amulet of reflection
HPRegen 0.28/turn               j - ring of protection from cold
MPRegen 0.18/turn               s - +6 ring of intelligence

@: corroded, curled up, slow
A: large, rugged brown scales 3, see invisible, deformed body, roll 1, armoured
tail, reflexive curl, horns 1, high MP 1
a: Rolling Charge, Renounce Religion, Depart the Abyss, Bend Space, Banish,
Corrupt, Enter the Abyss


You were on level 3 of the Lair of Beasts.
You worshipped Lugonu.
Lugonu was extremely pleased with you.
You visited 2 branches of the dungeon, and saw 15 of its levels.
You visited the Abyss 1 time.
You also visited: Ossuary.

You collected 1001 gold pieces.
You spent 766 gold pieces at shops.

Inventory:

Hand Weapons
 a - the +7 war axe of Wu Jian's Castigation (weapon) {freeze, Drain rC+ Stlth+}
   (You found it on level 8 of the Dungeon)

   It freezes those it strikes, dealing additional cold damage.
   It can also slow down cold-blooded creatures.
   rC:        It protects you from cold.
   Drain:     It drains your maximum health when unequipped.
   Stlth:     It makes you more stealthy.
 b - a +0 dire flail
 B - a +0 battleaxe
Missiles
 H - 3 curare-tipped darts
 J - a throwing net
Armour
 f - a +1 hat of intelligence (worn)
 k - a +1 helmet
 I - a +9 plate armour of ponderousness (worn)
 M - a +2 pair of gloves (worn)
 N - +0 acid dragon scales
Jewellery
 c - an amulet of reflection (around neck)
 j - a ring of protection from cold (left hand)
 s - a +6 ring of intelligence (right hand)
 G - a ring of fire
Wands
 n - a wand of mindburst (8)
 r - a wand of flame (25)
 y - a wand of digging (4) {@v1}
 C - a wand of charming (16)
 K - a wand of light (12)
Scrolls
 d - 2 scrolls of enchant armour
 e - a scroll of silence
 g - 3 scrolls of blinking {@r4}
 i - 3 scrolls of identify {@r1}
 o - a scroll of amnesia
 v - a scroll of magic mapping
 D - a scroll of immolation
 E - 2 scrolls of fear
 F - a scroll of summoning
 L - 5 scrolls of teleportation {@r3}
Potions
 h - 2 potions of haste {@q3}
 l - 3 potions of mutation
 m - 6 potions of flight
 p - a potion of invisibility
 q - 2 potions of curing {@q1}
 t - 4 potions of ambrosia
 u - 2 potions of lignification
 w - 6 potions of brilliance
 x - 5 potions of might {@q4}
 z - 3 potions of magic
 A - a potion of cancellation


   Skills:
 + Level 10.3 Fighting
 + Level 10.0 Axes
 + Level 8.4 Armour
 + Level 8.3 Dodging
 + Level 10.9 Invocations
 + Level 5.5 Evocations


You had 12 spell levels left.
You didn't know any spells.
Your spell library contained the following spells:

 Spells                   Type           Power      Damage    Failure   Level
 Freeze                   Ice            0%         1d3       95%         1
 Shock                    Conj/Air       0%         1d3       95%         1
 Sting                    Tmut/Pois      0%         1d3       95%         1
 Ensorcelled Hibernation  Hex/Ice        0%         N/A       98%         2
 Poisonous Vapours        Pois/Air       0%         N/A       98%         2
 Scorch                   Fire           0%         2d5       98%         2
 Confusing Touch          Hex            0%         N/A       100%        3
 Frozen Ramparts          Ice            0%         1d1       100%        3
 Spider Form              Tmut/Pois      0%         N/A       100%        3
 Anguish                  Hex/Necr       0%         N/A       100%        4
 Flame Wave               Conj/Fire      0%         2d4       100%        4
 Hailstorm                Conj/Ice       0%         3d3       100%        4
 Ice Form                 Ice/Tmut       0%         N/A       100%        4
 Summon Ice Beast         Ice/Summ       0%         N/A       100%        4
 Fireball                 Conj/Fire      0%         3d3       100%        5
 Yara's Violent Unravell  Hex/Tmut       0%         3d3       100%        5
 Simulacrum               Ice/Necr       0%         N/A       100%        6
 Summon Cactus Giant      Summ           0%         N/A       100%        6
 Dragon Form              Tmut           0%         N/A       100%        7
 Enfeeble                 Hex            0%         N/A       100%        7


Dungeon Overview and Level Annotations

Branches:
Dungeon (12/15)            Temple (0/1) D:4            Lair (3/5) D:11
  Swamp (0/4) Lair:2       Spider (0/4) Lair:2          Orc (0/2) D:11
Ossuary (visited)

Altars:
Ashenzari
Cheibriados
Elyvilon
Fedhas
Okawaru
Qazlal
Vehumet
Wu Jian
Xom
Yredelemnul
Zin

Shops:
D:6 (   D:8 [   D:9 (

Annotations:
D:12 Rupert
Lair:3 exclusion: oklob plant


Innate Abilities, Weirdness & Mutations

You are completely covered in rugged brown scales. (AC +3, +7% HP)
You have supernaturally acute eyesight. (SInv)
Armour fits poorly on your strangely shaped body.
You can roll at nearby foes to attack.
You have a long armoured tail.
You curl defensively after being hit. (AC +7*)
You have a pair of small horns on your head.
You have an increased reservoir of magic. (+10% MP)


Message History

The oklob plant is heavily damaged.
You hit the plant. You freeze the plant. You slash the oklob plant!
You freeze the oklob plant. You headbutt the oklob plant.
You tail-slap the oklob plant!
The oklob plant is almost destroyed.
You hit the plant. You freeze the plant.
A nearby plant withers and dies.
You hit the oklob plant but do no damage.
The oklob plant is almost destroyed.
The oklob plant spits acid at you. The splash of acid hits you!!
You take 27 damage, and have 44/110 hp.
MASSIVE DAMAGE!!
You hit the oklob plant but do no damage.
The oklob plant is almost destroyed.
The oklob plant spits acid at you. The splash of acid hits you.
The acid corrodes you!
You take 1 damage, and have 43/110 hp.
You hit the oklob plant but do no damage.
The oklob plant is almost destroyed.
The oklob plant spits acid at you. The splash of acid hits you!!
* * * LOW HITPOINT WARNING * * *
You take 17 damage, and have 26/110 hp.
You hit the oklob plant but do no damage.
You tail-slap the oklob plant, but do no damage.
The oklob plant is almost destroyed.
The oklob plant spits acid at you. The splash of acid hits you!
* * * LOW HITPOINT WARNING * * *
You take 11 damage, and have 15/110 hp.
Okay, then.
You hit the oklob plant but do no damage.
You headbutt the oklob plant, but do no damage.
The oklob plant is almost destroyed.
You hit the oklob plant but do no damage.
You headbutt the oklob plant, but do no damage.
The oklob plant is almost destroyed.
The oklob plant spits acid at you. The splash of acid hits you!!
You die...

...................##............
...#...#P##.^.....PPP............
...###.#####................#..##
...##..P####................#..#.
...#P....##....###....#......#...
..........##...# ##..###....#....
..#.#+...###...# #.)P..#.........
..#.⌠.#........##..P♣###.........
###...##.###....@..PP.P.....####.
#........#.....#.P.~~.P#.....#.##
..........#.....#P.~~..#.........
...........#...##[P...P..........
.#.....#[...#...#..♣...#.........
###.⌠.###...#......P.............
###...####..##...##...#........=.
##......##......##....##.........
##..>..###⌠.>[............#.##..P


You could see an oklob plant.

Vanquished Creatures
  Gastronok (Lair:2)
  A boulder beetle (Lair:3)
  A catoblepas (Lair:3)
  Erica (D:9)
  A two-headed ogre (D:11)
  A wolf spider (Lair:2)
  An oklob plant (D:11)
  Joseph (D:9)
  A manticore (D:11)
  A black mamba (Lair:3)
  3 elephants (Lair:2)
  A torpor snail (Lair:2)
  7 cane toads
  An unseen horror (D:11)
  2 rime drakes (Lair:1)
  5 komodo dragons
  A hornet (D:11)
  Prince Ribbit (D:8)
  6 slime creatures
  8 wyverns
  Sigmund (D:3)
  A vampire (D:10)
  37 yaks
  3 steam dragons
  2 basilisks (Lair:2)
  5 vampire mosquitoes (Lair:2)
  An acid dragon (D:9)
  8 water moccasins
  3 ice beasts
  4 orc warriors
  3 black bears
  5 ogres
  3 centaurs
  5 kobold brigands
  2 gnoll sergeants
  10 bullfrogs
  2 scorpions
  3 necrophages
  5 wights
  8 jellies
  5 killer bees (D:9)
  4 howler monkeys (D:10)
  2 centaur zombies (Ossuary)
  A human zombie (Ossuary)
  5 hounds
  14 orc priests
  3 iguanas
  8 orc wizards
  3 mummies
  12 gnolls
  6 adders
  4 white imps
  2 adder zombies (Ossuary)
  A worm (D:2)
  A dart slug (D:4)
  25 orcs
  9 endoplasms
  5 giant cockroaches
  2 goblins
  9 hobgoblins
  3 jackals (D:2)
  18 kobolds
  3 quokkas
  6 ball pythons
  A frilled lizard (D:1)
  10 hobgoblin zombies (Ossuary)
  3 jackal zombies (Ossuary)
  14 kobold zombies (Ossuary)
  4 orc zombies (Ossuary)
  4 rats (D:1)
  A rat zombie (Ossuary)
344 creatures vanquished.

Vanquished Creatures (collateral kills)
  A wolf spider (Lair:2)
  A yak (Lair:2)
2 creatures vanquished.

Vanquished Creatures (others)
  A wyvern (Lair:2)
  34 fungi
  15 plants
  11 toadstools (D:7)
61 creatures vanquished.

Grand Total: 407 creatures vanquished

Notes
Turn   | Place    | Note
-------+----------+-------------------------------------------
     0 | Abyss:1  | Ofeo the Palentonga Abyssal Knight began the quest for the
                  | Orb.
     0 | Abyss:1  | Reached XP level 1. HP: 19/19 MP: 2/2
    38 | Abyss:2  | Noticed a raiju
    40 | D:1      | Escaped the Abyss
    89 | D:1      | Reached ** piety under Lugonu
   199 | D:1      | Reached skill level 1 in Dodging
   227 | D:1      | Reached XP level 2. HP: 23/25 MP: 3/3
   563 | D:1      | Found a faded altar of an unknown god.
   888 | D:1      | Found a white marble altar of Elyvilon.
  1068 | D:2      | Reached XP level 3. HP: 30/31 MP: 4/4
  1740 | D:2      | Reached XP level 4. HP: 37/37 MP: 6/6
  2068 | D:3      | Noticed Sigmund
  2082 | D:3      | Killed Sigmund
  2083 | D:3      | Reached XP level 5. HP: 39/44 MP: 4/7
  2562 | D:3      | Found a radiant altar of Vehumet.
  2927 | D:4      | Found a staircase to the Ecumenical Temple.
  2934 | D:4      | Reached XP level 6. HP: 51/51 MP: 8/8
  3175 | D:4      | Reached *** piety under Lugonu
  3800 | D:4      | Found a snail-covered altar of Cheibriados.
  4248 | D:5      | Entered Level 5 of the Dungeon
  4355 | D:4      | Gained mutation: You curl defensively after being hit. (AC
                  | +7*) [Palentonga growth]
  4355 | D:4      | Reached XP level 7. HP: 55/58 MP: 6/10
  4794 | D:5      | Found a broken altar of Ashenzari.
  5020 | D:5      | Identified the +1 leather armour "Illett" {rN+}
  5450 | D:6      | Found a sand-covered staircase.
  5469 | D:6      | Reached skill level 5 in Fighting
  5537 | Ossuary  | Entered an ossuary
  5692 | Ossuary  | Reached **** piety under Lugonu
  5695 | Ossuary  | Reached XP level 8. HP: 66/66 MP: 11/11
  5822 | Ossuary  | Reached skill level 5 in Invocations
  6529 | D:5      | Reached skill level 5 in Axes
  7030 | D:5      | Found a blossoming altar of Fedhas.
  7511 | D:6      | Found a glowing silver altar of Zin.
  7708 | D:6      | Found Otierh Muxe's Antique Weapon Boutique.
  8048 | D:5      | Reached XP level 9. HP: 29/73 MP: 9/13
  9934 | D:7      | Found a basalt altar of Yredelemnul.
 10065 | D:7      | Reached skill level 5 in Armour
 10911 | D:7      | Reached skill level 5 in Dodging
 11133 | D:7      | Reached ***** piety under Lugonu
 11911 | D:8      | Found an iron altar of Okawaru.
 12085 | D:8      | Identified the +7 war axe of Wu Jian's Castigation {freeze,
                  | Drain rC+ Stlth+}
 12209 | D:8      | Reached XP level 10. HP: 84/84 MP: 15/15
 13463 | D:8      | Noticed a manticore
 13595 | D:8      | Found Onyaxusek's Armour Shoppe.
 13606 | D:8      | Banished a manticore
 13832 | D:8      | Bought a +2 pair of gloves for 181 gold pieces
 14212 | D:8      | Noticed Prince Ribbit
 14218 | D:8      | Killed Prince Ribbit
 15174 | D:9      | Found Ostucko's Antique Weapon Shop.
 15249 | D:9      | Noticed Erica
 15256 | D:9      | Killed Erica
 15257 | D:9      | Reached XP level 11. HP: 55/92 MP: 17/17
 15661 | D:9      | Found an ornate altar of the Wu Jian Council.
 15680 | D:9      | Reached skill level 1 in Evocations
 15905 | D:9      | Found a stormy altar of Qazlal.
 15915 | D:9      | Noticed Joseph
 15924 | D:9      | Killed Joseph
 16395 | D:10     | Entered Level 10 of the Dungeon
 16482 | D:10     | Got the Lessons on Hypothermia and Pestilence
 17155 | D:10     | Got the Grimoire of Ruinous Clouds
 17803 | D:11     | Noticed a two-headed ogre
 17804 | D:11     | Found a staircase to the Lair.
 17809 | D:11     | Noticed an oklob plant
 17812 | D:11     | Killed a two-headed ogre
 18182 | D:11     | Killed an oklob plant
 18336 | D:11     | Gained mutation: You have a pair of small horns on your
                  | head. [potion of mutation]
 18336 | D:11     | Gained mutation: You have an increased reservoir of magic.
                  | (+10% MP) [potion of mutation]
 18349 | D:11     | HP: 4/93 [poisoned by a gnoll sergeant]
 18990 | D:11     | Found a staircase to the Orcish Mines.
 19212 | D:11     | Noticed an eight-headed hydra
 19242 | D:11     | Banished an eight-headed hydra
 19465 | D:11     | Found Zin's Purification Station.
 19468 | D:11     | Found a glowing silver altar of Zin.
 19473 | D:11     | Bought a potion of curing for 90 gold pieces
 19723 | D:12     | Noticed Rupert
 19839 | D:12     | Noticed a death knight
 19874 | Lair:1   | Entered Level 1 of the Lair of Beasts
 20391 | Lair:1   | You fall into a shaft and drop 1 floor!
 21817 | Lair:1   | Reached XP level 12. HP: 101/101 MP: 21/21
 22922 | D:8      | Bought a +9 plate armour of ponderousness for 495 gold
                  | pieces
 23131 | Lair:2   | Reached skill level 10 in Invocations
 23780 | Lair:2   | Got Sif Muna's Papyrus of Transfiguration
 23878 | Lair:2   | Found a hole to the Spider Nest.
 24229 | Lair:2   | Found a staircase to the Swamp.
 24268 | Lair:2   | Noticed Gastronok
 24280 | Lair:2   | Killed Gastronok
 24750 | Lair:3   | Reached skill level 10 in Fighting
 24783 | Lair:3   | Noticed a boulder beetle
 24799 | Lair:3   | Killed a boulder beetle
 24800 | Lair:3   | Reached skill level 5 in Evocations
 25006 | Lair:3   | Noticed an eight-headed hydra
 25008 | Lair:3   | Banished an eight-headed hydra
 25011 | Lair:3   | Noticed an eight-headed hydra
 25017 | Lair:3   | Noticed a four-headed hydra
 25041 | Lair:3   | Banished a four-headed hydra
 25223 | Lair:3   | Banished an 11-headed hydra
 25262 | Lair:3   | Found the +1 robe of Vines {NoPotionHeal Regen++++}
 25307 | Lair:3   | Found a shimmering altar of Xom.
 25315 | Lair:3   | Noticed a catoblepas
 25322 | Lair:3   | Reached XP level 13. HP: 109/110 MP: 23/23
 25670 | Lair:3   | Reached skill level 10 in Axes
 26350 | Lair:3   | Killed from afar by an oklob plant

Illustrated notes

Levels and vault maps discovered:
D:1:      dpeg_arrival_water_altar, layout_rooms, ebering_ecumenical_altar_mist
D:2:      layout_basic
D:3:      layout_loops_ring, vehumet_altar_wand_db, uniq_sigmund
D:4:      layout_basic, kennysheep_mini, minmay_temple_entry_ruins,
          grunt_ministairs_15
D:5:      layout_basic, fedhas_altar_2, mainiacjoe_overflow_brackets,
          amcnicky_mini_pool_medium
D:6:      layout_gridville, mainiacjoe_overflow_catwalk,
          gup_ossuary_entry_pyramid, serial_shops, nicolae_shop_hallway_plus
D:7:      cheibrodos_fertilizer, layout_layer_cave, yredelemnul_altar_generic
D:8:      gammafunk_indiana_jones, layout_basic,
          mainiacjoe_overflow_tiny_flanked, dreamdust_mushroom_princess,
          hangedman_decor_opposing, nicolae_stop_n_shop_2, grunt_potential,
          uniq_prince_ribbit1
D:9:      layout_rooms, mainiacjoe_overflow_boulevard,
          mainiacjoe_overflow_small_starburst, serial_shops,
          nicolae_take_the_stairs, chequers_serial_rivers_large_b, uniq_erica,
          uniq_joseph
D:10:     layout_irregular_city
D:11:     layout_cave_pods, dpeg_oklobed_lair, orc_0_dummy,
          minmay_misc_feat_columns, st_stairs_4, zin_purify
D:12:     layout_rooms, nicolae_alphabet_shops, uniq_rupert, uniq_maurice,
          uniq_kirke
Lair:1:   layout_long_grid
Lair:2:   layout_gridlike, minmay_swamp_entry_swarm,
          spider_nest_entry_funnel_web, uniq_gastronok
Lair:3:   layout_regular_city, basic_altar, hellmonk_guarded_unrand_vines,
          grunt_megastairs_5, serial_bayou_shore_b

Skill      XL: |  1  2  3  4  5  6  7  8  9 10 11 12 13 |
---------------+----------------------------------------+-----
Dodging        | 1 2 3 4 5 6 7 8 |  8.3
Armour         | 2 3 4 5 6 7 8 |  8.4
Axes           | 3 4 5 6 7 8 9 10 | 10.0
Invocations    | 3 4 6 7 8 9 10 | 10.9
Fighting       | 4 5 6 7 8 9 10 | 10.3
Evocations     | 3 5 |  5.5

Action                   |  1- 3 |  4- 6 |  7- 9 | 10-12 | 13-15 || total
-------------------------+-------+-------+-------+-------+-------++-------
Melee: Hand axe          |    79 |    88 |   472 |       |       ||   639
       Tailslap          |     9 |    10 |    72 |    91 |    11 ||   193
       Punch             |     2 |       |    10 |     9 |       ||    21
       Battleaxe         |       |       |    10 |       |       ||    10
       War axe           |       |       |     1 |   486 |    48 ||   535
       Headbutt          |       |       |       |    58 |    16 ||    74
Invok: Depart the Abyss  |     1 |       |       |       |       ||     1
       Bend Space        |       |    13 |    16 |    34 |       ||    63
       Banish            |       |       |     1 |     6 |       ||     7
 Abil: Rolling Charge    |       |    27 |    50 |    87 |     6 ||   170
Evoke: Wand              |       |       |       |    15 |       ||    15
  Use: Scroll            |     3 |       |     8 |     9 |       ||    20
       Potion            |       |     1 |     1 |    10 |       ||    12
 Stab: Petrified         |       |       |       |     1 |       ||     1
Armor: Leather armour    |    25 |    32 |   173 |       |       ||   230
       Steam dragon scal |       |       |       |    64 |       ||    64
       Acid dragon scale |       |       |       |    64 |       ||    64
       Plate armour      |       |       |       |   112 |     9 ||   121
Dodge: Dodged            |    29 |    33 |   215 |   189 |     8 ||   474
Block: Other             |    13 |    21 |    98 |    90 |     4 ||   226
       Reflection        |       |       |     2 |       |       ||     2
